 Dungeon Crawl Stone Soup version 0.29.0-11-gd7f09526c8 (webtiles) character file.

Game seed: 92574599682391291

415 Arcadio the Trooper (level 6, -3/52 HPs)
             Began as a Palentonga Fighter on Sept 5, 2022.
             Slain by an orc
             ... wielding a +0 trident
              (7 damage)
             ... on level 3 of the Dungeon.
             The game lasted 00:03:59 (2639 turns).

Arcadio the Trooper (Palentonga Fighter)            Turns: 2639, Time: 00:03:59

Health: -3/52      AC:  7    Str: 23    XL:     6   Next: 60%
Magic:  6/6        EV:  7    Int:  9    God:
Gold:   85         SH:  4    Dex:  9    Spells: 5/5 levels left

rFire   . . .      SeeInvis +   a - +0 war axe
rCold   . . .      Faith    .   c - +0 buckler
rNeg    . . .      Spirit   .   b - +0 scale mail
rPois   .          Reflect  .   (no helmet)
rElec   .          Harm     .   (no cloak)
rCorr   .          Rampage  .   (no gloves)
Will    .....                   (no barding)
Stlth   ..........              (no amulet)
HPRegen 0.17/turn               (no ring)
MPRegen 0.10/turn               (no ring)

@: mighty
A: large, rugged brown scales 3, see invisible, deformed body, roll 1, armoured
tail
a: Rolling Charge


You were on level 3 of the Dungeon.
You visited 1 branch of the dungeon, and saw 3 of its levels.

You collected 85 gold pieces.

Inventory:

Hand Weapons
 a - a +0 war axe (weapon)
 p - a +2 falchion of holy wrath
 r - a +2 vorpal hand axe
Armour
 b - a +0 scale mail (worn)
 c - a +0 buckler (worn)
 m - a +0 plate armour
Scrolls
 g - a scroll of summoning {unknown}
 i - a scroll of torment {unknown}
 j - a scroll of immolation {unknown}
 l - 5 scrolls of identify {unknown}
 n - a scroll of vulnerability {unknown}
 o - a scroll of teleportation {unknown}
 q - a scroll of enchant weapon {unknown}
 u - a scroll of enchant armour {unknown}
Potions
 e - a potion of heal wounds {unknown}
 f - a potion of curing {unknown}
 h - 2 potions of attraction {unknown}
 k - 2 potions of magic {unknown}
 s - a potion of lignification {unknown}
 t - a potion of invisibility {unknown}


   Skills:
 + Level 4.5 Fighting
 + Level 3.8 Axes
 + Level 3.7 Armour
 + Level 4.1 Shields


You had 5 spell levels left.
You didn't know any spells.
Your spell library contained the following spells:

 Spells                   Type           Power      Damage    Failure   Level
 Call Canine Familiar     Summ           0%         N/A       98%         3
 Portal Projectile        Hex/Tloc       0%         N/A       98%         3
 Leda's Liquefaction      Hex/Erth       0%         N/A       100%        4


Dungeon Overview and Level Annotations

Branches:
Dungeon (3/15) Zot: 15277

Altars:
Makhleb
Xom


Innate Abilities, Weirdness & Mutations

You are completely covered in rugged brown scales. (AC +3, +7% HP)
You have supernaturally acute eyesight. (SInv)
Armour fits poorly on your strangely shaped body.
You can roll at nearby foes to attack.
You have a long armoured tail.


Message History

Pain shoots through your body!
An orc comes into view. It is wielding a +0 hand axe.
An orc comes into view. It is wielding a +0 trident.
The orc shouts!
The orc priest barely misses you. The orc hits you but does no damage.
Things that are here:
a +0 short sword; a +0 leather armour; 13 gold pieces You slash the orc priest!
You tail-slap the orc priest.
The orc priest is almost dead.
The orc priest closely misses you. You block the orc's attack. x2
The orc priest hits you with a +0 trident.
You closely miss the orc priest.
The orc priest is almost dead.
The orc priest looks braver for a moment.
The orc hits you from afar with a +0 trident.
You hit the orc priest.
The orc priest is almost dead.
The orc priest hits you with a +0 trident!
The orc hits you from afar with a +0 trident.
You slash the orc priest!
You kill the orc priest!
You block the orc's attack. The orc hits you with a +0 morningstar.
The orc barely misses you.
You barely miss the orc.
Your tail-slap misses the orc.
The orc hits you from afar with a +0 trident.
The orc hits you with a +0 morningstar!
* * * LOW HITPOINT WARNING * * *
You feel very mighty all of a sudden.
The orc hits you from afar with a +0 trident.
* * * LOW HITPOINT WARNING * * *
The orc barely misses you.
You closely miss the orc. You tail-slap the orc!
You kill the orc!
The orc barely misses you.
You slash the orc!
You kill the orc!
The orc hits you from afar with a +0 trident.
* * * LOW HITPOINT WARNING * * *
The orc hits you from afar with a +0 trident!
You die...

...#.[....+..............# #
###+.<.####..............# #
....#......#####.........# #
...##..###.########'######### #
............................#####
.................................
....................#########.###
.......#######.####.# #.# #
...##..#........@)..# #.###
...............###o.# #....
..##.......###.# #..# #)...
.........#####)# #..# #....
.####.#..# #.#.# #..# #....
.......†.###.#.###..# #....
.................†..## #.###
....###....#.........# #..##
†...###.##.#.#.###...# ######..#


You could see an orc.

Vanquished Creatures
  Sigmund (D:2)
  A crimson imp (D:3)
  An orc priest (D:3)
  Jessica (D:2)
  Natasha (thrice) (D:2)
  Terence (D:2)
  2 adders
  A worm (D:3)
  4 orcs (D:3)
  5 endoplasms
  4 giant cockroaches
  4 goblins
  2 hobgoblins
  3 jackals (D:1)
  A quokka (D:1)
  7 ball pythons
  6 bats
  3 frilled lizards
  5 kobolds
  8 rats
63 creatures vanquished.

Notes
Turn   | Place    | Note
-------+----------+-------------------------------------------
     0 | D:1      | Arcadio the Palentonga Fighter began the quest for the Orb.
     0 | D:1      | Reached XP level 1. HP: 19/19 MP: 1/1
    66 | D:1      | Found a faded altar of an unknown god.
    98 | D:1      | Reached XP level 2. HP: 21/25 MP: 2/2
  1001 | D:1      | Reached XP level 3. HP: 25/31 MP: 3/3
  1258 | D:2      | Noticed Sigmund
  1266 | D:2      | Killed Sigmund
  1267 | D:2      | Reached XP level 4. HP: 22/39 MP: 4/4
  1267 | D:2      | Reached XP level 5. HP: 25/44 MP: 5/5
  1496 | D:2      | Noticed Terence
  1506 | D:2      | Killed Terence
  1602 | D:2      | Noticed Natasha
  1602 | D:2      | Noticed Jessica
  1606 | D:2      | Killed Natasha
  1610 | D:2      | Killed Jessica
  1611 | D:2      | Reached XP level 6. HP: 31/51 MP: 6/6
  1645 | D:2      | Noticed Natasha
  1655 | D:2      | Killed Natasha
  1919 | D:2      | Noticed Natasha
  1926 | D:2      | Killed Natasha
  2537 | D:3      | Found a burning altar of Makhleb.
  2538 | D:3      | Found a shimmering altar of Xom.
  2639 | D:3      | Slain by an orc

Illustrated notes

Levels and vault maps discovered:
D:1:      dpeg_arrival_rhombi, layout_loops_ring,
          chequers_ecumenical_altar_island, minmay_cupped
D:2:      layout_rooms, uniq_natasha, uniq_sigmund, uniq_terence, uniq_jessica
D:3:      layout_basic, grunt_temple_overflow_champion_of_chaos,
          old_standard_altar, chequers_serial_rivers_room_a, uniq_ijyb

Skill      XL: |  1  2  3  4  5  6 |
---------------+-------------------+-----
Shields        | 3 4 |  4.1
Fighting       | 4 |  4.5
Axes           | 3 |  3.8
Armour         | 3 |  3.7

Action                   |  1- 3 |  4- 6 || total
-------------------------+-------+-------++-------
Melee: War axe           |    83 |    97 ||   180
       Tailslap          |     7 |    13 ||    20
 Abil: Rolling Charge    |     7 |    10 ||    17
  Use: Potion            |       |     1 ||     1
Armor: Scale mail        |    45 |    43 ||    88
Dodge: Dodged            |    29 |    44 ||    73
Block: Buckler           |    16 |    30 ||    46
